 Dungeon Crawl Stone Soup version 0.23.0 (webtiles) character file.

Game seed: 8829441264605666473

504 Timeovah the Archer (level 6, 0/51 HPs)
             Began as a Centaur Hunter on Feb 7, 2019.
             Was a Believer of Qazlal.
             Succumbed to a killer bee's poison
             ... on level 9 of the Dungeon on Feb 11, 2019.
             The game lasted 00:55:17 (2550 turns).

Timeovah the Archer (Centaur Hunter)                Turns: 2550, Time: 00:55:17

Health: 0/51       AC:  7    Str: 15    XL:     6   Next: 96%
Magic:  6/6        EV:  9    Int: 10    God:    Qazlal [**....]
Gold:   131        SH:  2    Dex: 14    Spells: 5/5 levels left

rFire    . . .     SeeInvis .   d - +1 shortbow
rCold    . . .     Gourm    .   (shield currently unavailable)
rNeg     . . .     Faith    .   m - +0 ring mail
rPois    .         Spirit   .   (no helmet)
rElec    .         Reflect  .   u - +0 cloak
rCorr    .         Harm     .   n - +0 pair of gloves
MR       .....                  (no barding)
Stlth    +.........             v - amulet of regeneration
HPRegen  0.17/turn              r - +3 ring of dexterity
MPRegen  0.10/turn              (no ring)

@: lethally poisoned (0 -> -4), very quick
A: large, hooves 3, deformed body, speed 2, tough skin 3
a: Upheaval, Renounce Religion


You were on level 9 of the Dungeon.
You worshipped Qazlal.
Qazlal was pleased with you.
You were not hungry.

You visited 1 branch of the dungeon, and saw 7 of its levels.

You collected 131 gold pieces.

Inventory:

Hand Weapons
 b - a +0 short sword
 d - a +1 shortbow (weapon)
 h - a +1 short sword of freezing
 t - a +4 quarterstaff of chaos
Missiles
 a - 7 arrows (quivered)
Armour
 c - a +0 leather armour
 e - a +0 scale mail
 m - a +0 ring mail (worn)
 n - a +0 pair of gloves (worn)
 q - a +0 chain mail
 u - a +0 cloak (worn)
Jewellery
 l - an uncursed amulet of the acrobat
 r - a +3 ring of dexterity (left hand)
 v - an amulet of regeneration (around neck)
Wands
 g - a wand of polymorph (8)
Scrolls
 i - a scroll of remove curse
 j - a scroll of blinking
 k - 3 scrolls of teleportation
 o - 2 scrolls of identify
Potions
 p - 2 potions of curing
 s - a potion of brilliance
Comestibles
 f - 6 rations


   Skills:
 + Level 3.0 Fighting
 + Level 0.3 Short Blades
 + Level 0.8 Staves
 + Level 9.4 Bows
 + Level 1.1 Armour
 + Level 2.0 Dodging
 + Level 0.9 Stealth


You had 5 spell levels left.
You didn't know any spells.
Your spell library was empty.

Dungeon Overview and Level Annotations

Branches:
Dungeon (9/15)
 Temple: D:4-7         Lair: D:8-11         Orc: D:9-12

Altars:
Makhleb
Qazlal


Innate Abilities, Weirdness & Mutations

You have hooves in place of feet.
Armour fits poorly on your strangely shaped body.
You cover ground very quickly.
You have extremely tough skin. (AC +3)


Message History

You block the killer bee's attack.
You feel sick. The killer bee stings you.
* * * LOW HITPOINT WARNING * * *
The killer bee stings you.
* * * LOW HITPOINT WARNING * * *
You feel sick. The killer bee stings you.
* * * LOW HITPOINT WARNING * * *
You are lethally poisoned!
The killer bee poisons you!
Found 6 gold pieces.
Found a glaive and a scroll of identify.
* * * LOW HITPOINT WARNING * * *
You feel sick.
A bullfrog skeleton comes into view.
The killer bee completely misses you.
* * * LOW HITPOINT WARNING * * *
You feel sick. The bullfrog skeleton hits you.
* * * LOW HITPOINT WARNING * * *
The killer bee closely misses you.
You die...

###.#....#.#
#...#......#
#.#.#.##.#.# #
#.#.#....#...
.##.#......$...).
.......#°#######.
##....Zy...#
###.#.##..#
#..@....#
#...?##.## ####.#
.. #.. ## ###


You could see a killer bee and a bullfrog skeleton.

Vanquished Creatures
  An ogre (D:4)
  Crazy Yiuf (D:3)
  An iguana (D:4)
  Ijyb (D:3)
  3 orc wizards
  A worker ant (D:4)
  A worker ant zombie (D:3)
  3 gnolls
  5 adders
  2 oozes
  5 worms
  4 dart slugs
  2 leopard geckos
  17 orcs
  2 ball pythons
  11 bats
  A giant cockroach (D:1)
  9 goblins
  7 hobgoblins
  4 jackals (D:2)
  17 kobolds
  4 quokkas
  6 frilled lizards
  11 rats
  A fungus (D:3)
120 creatures vanquished.

Vanquished Creatures (others)
  A plant (D:3)
1 creature vanquished.

Grand Total: 121 creatures vanquished

Notes
Turn   | Place    | Note
-------+----------+-------------------------------------------
     0 | D:1      | Timeovah the Centaur Hunter began the quest for the Orb.
     0 | D:1      | Reached XP level 1. HP: 17/17 MP: 1/1
   173 | D:1      | Reached XP level 2. HP: 14/24 MP: 2/2
   214 | D:1      | Reached skill level 6 in Bows
   297 | D:1      | Reached XP level 3. HP: 24/29 MP: 3/3
   906 | D:2      | Reached XP level 4. HP: 20/37 MP: 4/4
   961 | D:2      | Reached skill level 7 in Bows
  1185 | D:2      | Found a stormy altar of Qazlal.
  1199 | D:2      | Became a worshipper of Qazlal Stormbringer
  1706 | D:3      | Noticed Ijyb
  1721 | D:3      | Killed Ijyb
  1721 | D:3      | Reached XP level 5. HP: 39/42 MP: 5/5
  1722 | D:3      | Reached skill level 8 in Bows
  1780 | D:3      | Reached * piety under Qazlal
  2079 | D:3      | Found a burning altar of Makhleb.
  2084 | D:3      | Noticed a blizzard demon
  2088 | D:3      | Noticed a smoke demon
  2088 | D:3      | Noticed a hellwing
  2157 | D:3      | Reached XP level 6. HP: 28/50 MP: 6/6
  2199 | D:3      | Upgraded the game from 0.23-b1-86-gba62f8e092 to 0.23.0
  2246 | D:3      | Found a runed translucent door.
  2247 | D:3      | Noticed Crazy Yiuf
  2257 | D:3      | Killed Crazy Yiuf
  2257 | D:3      | Reached skill level 9 in Bows
  2409 | D:4      | Reached ** piety under Qazlal
  2483 | D:4      | Reached skill level 1 in Armour
  2502 | D:5      | Entered Level 5 of the Dungeon
  2508 | D:5      | You fall through a shaft for 3 floors!
  2545 | D:9      | HP: 2/51 [poisoned by a killer bee]
  2550 | D:9      | Succumbed to a killer bee's poison

Skill      XL: |  1  2  3  4  5  6 |
---------------+-------------------+-----
Bows           | 6 7 8 9 |  9.4
Dodging        | 2 |  2.0
Fighting       | 3 |  3.0
Armour         | 1 |  1.1
Short Blades   | |  0.3
Staves         | |  0.8
Stealth        | |  0.9

Action                   |  1- 3 |  4- 6 || total
-------------------------+-------+-------++-------
Melee: Shortbow          |    25 |    10 ||    35
       Kick              |     8 |    23 ||    31
       Short sword       |    12 |    32 ||    44
       Quarterstaff      |       |    23 ||    23
 Fire: Shortbow          |    77 |   230 ||   307
  Use: Scroll            |     4 |     1 ||     5
       Potion            |       |     6 ||     6
  Eat: Ration            |     1 |     1 ||     2
Armor: Leather armour    |    18 |       ||    18
       Scale mail        |    18 |    17 ||    35
       Ring mail         |       |    32 ||    32
Dodge: Dodged            |    37 |    44 ||    81
Block: Other             |       |     3 ||     3
